 Dungeon Crawl Stone Soup version 0.23.0 (webtiles) character file.

Game seed: 13709761434638485224

15 Monsterracer the Charmwright (level 2, -4/13 HPs)
             Began as a Felid Skald on Feb 18, 2019.
             Slain by a gnoll
             ... wielding a +0 halberd
              (17 damage)
             ... on level 2 of the Dungeon.
             The game lasted 00:00:32 (1242 turns).

Monsterracer the Charmwright (Felid Skald)          Turns: 1242, Time: 00:00:34

Health: -4/13      AC:  1    Str:  7    XL:     2   Next: 34%
Magic:  6/6        EV: 18    Int: 14    God:
Gold:   84         SH:  0    Dex: 15    Spells: 4/5 levels left
                                        Lives:  0   Deaths: 0

rFire    . . .     SeeInvis +     - Unarmed
rCold    . . .     Gourm    .   (shield unavailable)
rNeg     . . .     Faith    .   (armour unavailable)
rPois    .         Spirit   .   (helmet unavailable)
rElec    .         Reflect  .   (cloak unavailable)
rCorr    .         Harm     .   (gloves unavailable)
MR       .....                  (boots unavailable)
Stlth    +++.......             (no amulet)
HPRegen  0.04/turn              b - ring of stealth
MPRegen  0.10/turn              (no ring)

@: quick
A: very small, no armour, no weapons or thrown items, stealth, claws 1, fangs 3,
see invisible, carnivore, speed 1, shaggy fur 1, slow metabolism 1, sharp paws
a: no special abilities


You were on level 2 of the Dungeon.
You were very full.

You visited 1 branch of the dungeon, and saw 2 of its levels.

You collected 84 gold pieces.

Inventory:

Jewellery
 b - a ring of stealth (left paw)
Scrolls
 d - 4 scrolls of identify {unknown}
 f - a scroll of teleportation {unknown}
Potions
 a - a potion of invisibility {unknown}
 e - a potion of flight {unknown}
 g - a potion of might {unknown}
Comestibles
 c - 3 rations


   Skills:
 + Level 2.3 Fighting
 - Level 3.2 Dodging
 * Level 2.7 Unarmed Combat
 - Level 2.0 Spellcasting
 - Level 3.6 Charms


You had 4 spell levels left.
You knew the following spells:

 Your Spells              Type           Power        Failure   Level  Hunger
a - Infusion              Chrm           ##..         5%          1    ##.....

Your spell library contained the following spells:

 Spells                   Type           Power        Failure   Level  Hunger
 Song of Slaying          Chrm           ##......     9%          2    ###....
 Shroud of Golubria       Chrm/Tloc      #.........   17%         2    ###....
 Regeneration             Chrm/Necr      #.........   34%         3    ####...
 Spectral Weapon          Hex/Chrm       Unusable     N/A         3    N/A

Dungeon Overview and Level Annotations

Branches:
Dungeon (2/15)

Altars:


Innate Abilities, Weirdness & Mutations

You cannot wear armour.
You are incapable of wielding weapons or throwing items.
Your paws allow you to move quietly. (Stealth)
You have sharp claws.
You have razor-sharp teeth.
You have supernaturally acute eyesight. (SInv)
You are carnivorous and can eat meat at any time.
You cover ground quickly.
You are covered in fur. (AC +1)
You have a slow metabolism.
Your sharp claws are effective at attacking unaware monsters.


Message History

You barely miss the bat. The bat completely misses you.
The bat barely misses you.
Found a stone staircase leading down.
You scratch the bat.
You kill the bat!
You butcher the bat corpse.
f - a chunk of flesh
Things that are here:
13 stones; a bat skeleton
Things that are here:
13 stones; a bat skeleton Eating a chunk of flesh.
You eat the chunk of flesh.
This raw flesh tastes great.
You open the door.
There is an open door here.
A goblin comes into view. It is wielding a +0 club.
A goblin is nearby!
A goblin is nearby!
A goblin is nearby!
The helpless goblin fails to defend itself.
You claw the goblin!
You kill the goblin!
There is an open door here.
You now have 58 gold pieces (gained 16).
You now have 73 gold pieces (gained 15).
c - 2 rations (gained 1)
A frilled lizard comes into view.
A frilled lizard is nearby!
A frilled lizard is nearby!
The frilled lizard hisses angrily.
You barely miss the frilled lizard. You bite the frilled lizard.
You kill the frilled lizard!
No target in view!
You butcher the frilled lizard corpse.
f - a chunk of flesh You see here a frilled lizard skeleton. x2
Eating a chunk of flesh.
You eat the chunk of flesh.
This raw flesh tastes great.
There is an open door here.
You open the door.
There is an open door here.
e - a lumpy amethyst potion No target in view!
c - 3 rations (gained 1)
f - a scroll labeled YSKIWU ZUKEEXT
There is an open door here.
There is an open door here.
You see here a +0 club.
You see here a +0 club.
There is an open door here.
Things that are here:
a +0 dagger; a +0 club You see here a +0 dagger.
You now have 84 gold pieces (gained 11).
d - 2 scrolls labeled DESOUG JIDDOK (gained 1) Done exploring.
Done exploring.
You see here a +0 dagger.
Things that are here:
a +0 dagger; a +0 club Key pressed, stopping travel.
You can't go down here!
(D) Dungeon
Where to? (Enter - D:1 @ (x,y), ? - help)
There is a stone staircase leading down here.
You climb downwards.
There is a stone staircase leading up here.
Found a stone staircase leading down.
d - 3 scrolls labeled DESOUG JIDDOK (gained 1)
There is a stone staircase leading down here.
There is a stone staircase leading down here.
A kobold comes into view. It is wielding a +0 dagger.
A kobold is nearby!
The kobold shouts!
You scratch the kobold.
You kill the kobold!
No target in view!
Found a robe.
Things that are here:
a +0 dagger; a kobold corpse
g - a smoky orange potion No target in view!
Key pressed, stopping explore.
No target in view!
No target in view!
d - 4 scrolls labeled DESOUG JIDDOK (gained 1) 2 gnolls come into view.
The gnoll shouts!
You hear a shout! x2; The gnoll shouts!
A gnoll comes into view. It is wielding a +0 spear.
A gnoll comes into view. It is wielding a -3 whip.
The gnoll throws a throwing net.
The throwing net hits you.
You become entangled in the net!
You see here a throwing net {!f}.
You tear a large gash into the net.
There are monsters nearby!
You shred the net and break free!
A leopard gecko comes into view.
The gnoll hits you from afar with a +0 halberd!
Ouch! That really hurt!
You die...

#.# #.### #.#
#.# #.# #.# #.#
#.# #.# #@#
..gg.g......#
...####.###....
#.# #l #.# #.#
... ...


You could see 3 gnolls and a leopard gecko (wandering).

Vanquished Creatures
  A leopard gecko (D:1)
  2 bats (D:1)
  A giant cockroach (D:1)
  3 goblins (D:1)
  A hobgoblin (D:1)
  2 frilled lizards (D:1)
  3 kobolds
  A rat (D:1)
14 creatures vanquished.

Notes
Turn   | Place    | Note
-------+----------+-------------------------------------------
     0 | D:1      | Monsterracer the Felid Skald began the quest for the Orb.
     0 | D:1      | Reached XP level 1. HP: 9/9 MP: 4/4
   303 | D:1      | Reached XP level 2. HP: 13/13 MP: 6/6
  1242 | D:2      | Slain by a gnoll

Action                   || total
-------------------------++-------
Melee: Unarmed           ||    34
       Bite              ||     2
 Stab: Sleeping          ||     3
  Eat: Chunk             ||     7
Armor: Skin              ||     2
Dodge: Dodged            ||    19

Levels and vault maps discovered:
D:1:      mrwooster_arrival_arrow, layout_basic, kennysheep_small_spiral
D:2:      layout_loops_ring, first_ration
